 Dungeon Crawl Stone Soup version 0.18.1-50-g88ac8fd (console) character file.

282 CALLOUS the Stinger (level 6, 0/42 HPs)
             Began as a Merfolk Venom Mage on Oct 10, 2016.
             Slain by a hound (3 damage)
             ... on level 4 of the Dungeon.
             The game lasted 01:25:59 (4388 turns).

CALLOUS the Stinger (Merfolk Venom Mage)            Turns: 4388, Time: 01:25:59

Health: 0/42       AC:  4    Str: 11    XL:     6   Next: 28%
Magic:  0/9        EV: 15    Int: 14    God:
Gold:   192        SH:  0    Dex: 14    Spells: 2 memorised, 6 levels left

rFire  . . .     SeeInvis .     j - +2 dagger (drain)
rCold  . . .     Gourm    .     h - +1 robe {rN+}
rNeg   + . .     Faith    .     (no shield)
rPois  .         Spirit   .     s - +0 helmet
rElec  .         Dismiss  .     (no cloak)
rCorr  .         Reflect  .     (no gloves)
SustAt .         Harm     .     (no boots)
MR     .....                    (no amulet)
Stlth  ++........               (no ring)
                                (no ring)

@: very slightly contaminated, not resistant to hostile enchantments, unstealthy
A: change form in water, swift swim
a: no special abilities


You were on level 4 of the Dungeon.
You were very hungry.

You visited 1 branch of the dungeon, and saw 5 of its levels.

You collected 192 gold pieces.

Inventory:

Hand Weapons
 j - a +2 dagger of draining (weapon)
 B - a +0 whip of flaming
 C - a +0 spear
 E - a +0 halberd
Missiles
 g - 102 stones (quivered)
 m - 45 sling bullets
 q - 37 arrows
Armour
 h - a +1 robe of positive energy (worn)
 s - a +0 helmet (worn)
 x - a cursed +0 leather armour
Jewellery
 l - a +5 ring of dexterity {unknown}
Wands
 z - a wand of lightning (1/15)
Scrolls
 d - 3 scrolls of recharging {unknown}
 r - 2 scrolls of identify {unknown}
 v - 4 scrolls of remove curse {unknown}
 y - a scroll of enchant armour {unknown}
 F - a scroll of random uselessness {unknown}
 G - a scroll of brand weapon {unknown}
 H - a scroll of immolation {unknown}
Potions
 e - a potion of cure mutation {unknown}
 f - a potion of flight {unknown}
 i - 4 potions of degeneration {unknown}
 k - a potion of might {unknown}
 u - a potion of agility {unknown}
 A - a potion of lignification {unknown}
Books
 b - a Young Poisoner's Handbook

   Spells                             Type                      Level
   a - Sting                          Conjuration/Poison           1
   b - Cure Poison                    Poison                       2
   c - Mephitic Cloud                 Conjuration/Poison/Air       3
   d - Olgreb's Toxic Radiance        Poison                       4
   e - Venom Bolt                     Conjuration/Poison           5
Comestibles
 c - a bread ration
 o - 3 meat rations
 t - a royal jelly
 I - a chunk of flesh


   Skills:
 + Level 0.7 Fighting
 * Level 1.3 Polearms
 * Level 5.7 Dodging
 + Level 3.8 Stealth
 - Level 2.0 Spellcasting
 + Level 5.9 Poison Magic


You had 6 spell levels left.
You knew the following spells:

 Your Spells              Type           Power        Failure   Level  Hunger
a - Sting                 Conj/Pois      #...         10%         1    ##.....
b - Cure Poison           Pois           ###.......   3%          2    ###....


Dungeon Overview and Level Annotations

Branches:
Dungeon (5/15)
 Temple: D:4-7

Altars:

Annotations:
D:1 1 exclusion
D:2 exclusion: adder, Terence
D:3 exclusion: adder, Ijyb
D:4 exclusions: ogre, 2 orcs and worker ant


Message History

The hound bites you.
* * * LOW HITPOINT WARNING * * *
The hound closely misses you.
There is a stone staircase leading up here.
The hound bites you but does no damage.
You climb upwards.
Level annotation: exclusions: ogre, 2 orcs and worker ant
There is a stone staircase leading down here.
Casting: Sting
Confirm with . or Enter, or press ? or * to list all spells.
Aiming: Sting
Press: ? - help, Shift-Dir - straight line, f - hound
Aim: a hound (heavily wounded)
You miscast Sting.
You are very lightly contaminated with residual magic.
Nothing appears to happen.
The hound barely misses you. The hound bites you.
* * * LOW HITPOINT WARNING * * *
The hound closely misses you. The hound bites you.
You die...

...........#........# ..#.>
......<....# #...##....#
...........# #.<.....#
..?.....(..# #.....###.#
...........# ###.#.......#
...........# ..#.#.#.#####
##########.# #.#>#.#.#...# ##
#.# ##.#.#.......# #.
#.###..#.#.....### #.
#.##...#h#...### ####.
#.##...@.....# #....
#######....###############.###
#.....P..)..).................
#....≈≈)≈≈≈≈≈≈≈≈)≈≈≈≈≈≈≈....≈≈
#....≈≈≈≈≈≈≈≈≈≈≈≈≈≈≈≈≈≈≈....≈≈
#....≈≈#####≈≈≈≈)≈≈≈≈≈≈≈....≈≈
#....≈≈#...#........)..)......
#....≈≈#...#############''''##
#...P≈≈###'# ......#....#.
#....≈≈≈.#.' ......'....'.
#....≈≈≈.#.#. ......#....#.


You could see a hound.

Vanquished Creatures
  A howler monkey (D:5)
  13 gnolls (D:4)
  5 adders
  An ooze (D:4)
  A worm (D:2)
  2 ball pythons
  10 bats
  8 goblins
  6 hobgoblins
  7 jackals
  7 kobolds
  2 quokkas (D:2)
  5 giant newts
  A quokka zombie (D:5)
  9 rats
78 creatures vanquished.

Notes
Turn   | Place    | Note
--------------------------------------------------------------
     0 | D:1      | CALLOUS the Merfolk Venom Mage began the quest for the Orb.
     0 | D:1      | Reached XP level 1. HP: 13/13 MP: 3/3
   456 | D:1      | Reached XP level 2. HP: 17/19 MP: 3/5
   460 | D:1      | Learned a level 2 spell: Cure Poison
  1075 | D:1      | Reached skill level 5 in Poison Magic
  1211 | D:1      | Reached XP level 3. HP: 24/24 MP: 4/6
  1791 | D:2      | Reached XP level 4. HP: 29/30 MP: 7/7
  2253 | D:2      | Noticed Terence
  2577 | D:3      | Noticed Ijyb
  3047 | D:4      | Noticed an ogre
  3261 | D:4      | Reached XP level 5. HP: 35/35 MP: 0/8
  3434 | D:4      | Reached skill level 5 in Dodging
  3773 | D:4      | Reached skill level 1 in Polearms
  3980 | D:4      | Reached XP level 6. HP: 23/42 MP: 0/9
  4273 | D:5      | Entered Level 5 of the Dungeon
  4384 | D:4      | HP: 2/42 [hound (4)]
  4388 | D:4      | Slain by a hound

Skill      XL: |  1  2  3  4  5 |
---------------+----------------+-----
Dodging        | 3 4 5 |  5.7
Poison Magic   | 5 |  5.9
Stealth        | 3 |  3.8
Polearms       | 1 |  1.3
Fighting       | |  0.7
Spellcasting   | |  2.0

Action                   |  1- 3 |  4- 6 || total
-------------------------+-------+-------++-------
Melee: Unarmed           |    31 |       ||    31
       Dagger            |    28 |   104 ||   132
       Tailslap          |       |     5 ||     5
       Whip              |       |     3 ||     3
Throw: Stone             |    53 |   184 ||   237
 Cast: Sting             |    40 |    65 ||   105
       Cure Poison       |     1 |       ||     1
 Stab: Sleeping          |     1 |     3 ||     4
       Distracted        |       |     1 ||     1
  Eat: Chunk             |     4 |     8 ||    12
Armor: Robe              |    27 |    22 ||    49
Dodge: Dodged            |    43 |    88 ||   131
